 Dungeon Crawl Stone Soup version 0.31-a0-188-g5e087ee2ca (webtiles) character file.

Game seed: 998450484210203153

550 qw the Skirmisher (level 7, 0/40 HPs)
             Began as a Deep Elf Hunter on June 23, 2023.
             Succumbed to a scorpion's poison
             ... on level 4 of the Dungeon.
             The game lasted 00:01:26 (3064 turns).

qw the Skirmisher (Deep Elf Hunter)                 Turns: 3064, Time: 00:01:27

Health: 0/40       AC:  8    Str: 10    XL:     7   Next: 7%
Magic:  9/9        EV: 11    Int: 14    God:
Gold:   165        SH:  0    Dex: 18    Spells: 6/6 levels left

rFire   . . .        Y - +2 shortbow
rCold   . . .        (shield currently unavailable)
rNeg    . . .        i - +1 ring mail
rPois   .            (no helmet)
rElec   .            (no cloak)
rCorr   .            (no gloves)
SInv    .            (no boots)
Will    .....        (no amulet)
Stlth   +            (no ring)
HPRegen 0.26/turn    (no ring)
MPRegen 0.11/turn

%: no passive effects
@: lethally poisoned (0 -> -11), about to teleport
A: iridescent scales 1
a: no special abilities


You were on level 4 of the Dungeon.
You visited 1 branch of the dungeon, and saw 4 of its levels.

You collected 165 gold pieces.


Innate Abilities, Weirdness & Mutations

You are partially covered in iridescent scales. (AC +2)


   Skills:
 - Level 2.0 Fighting
 + Level 10.8 Ranged Weapons
 - Level 3.0 Dodging
 - Level 1.2 Stealth


You had 6 spell levels left.
You didn't know any spells.
Your spell library was empty.

Inventory:

Hand Weapons
 Y - a +2 shortbow (weapon)
Armour
 i - a +1 ring mail (worn)
Wands
 a - a wand of digging (5)
Scrolls
 c - a scroll of identify
Potions
 b - 2 potions of curing
 d - a potion of attraction {unknown}
 e - a potion of mutation
 f - a potion of haste
 g - a potion of magic {unknown}
 j - a potion of invisibility {unknown}

Dungeon Overview and Level Annotations

Branches:
Dungeon (4/15)
 Temple: D:4-7

Altars:


Message History

The scorpion closely misses you. The orc hits you with a +0 mace.
You shoot an arrow.
The arrow hits the scorpion but does no damage.
The scorpion stings you. The orc misses you.
You shoot an arrow. The arrow barely misses the scorpion.
The scorpion closely misses you. The orc hits you with a +0 mace.
The scorpion stings you but does no damage.
You shoot an arrow. The arrow closely misses the scorpion.
The orc closely misses you. The scorpion stings you.
You shoot an arrow. The arrow hits the scorpion!
The scorpion is moderately wounded.
The scorpion completely misses you. The orc closely misses you.
You shoot an arrow. The arrow closely misses the scorpion.
The scorpion stings you but does no damage.
The orc hits you but does no damage.
You shoot an arrow. The arrow barely misses the scorpion.
The scorpion stings you but does no damage.
The orc hits you but does no damage.
You shoot an arrow. The arrow hits the scorpion!
The scorpion is almost dead.
The scorpion closely misses you. The orc barely misses you.
You shoot an arrow. The arrow barely misses the scorpion.
The scorpion stings you but does no damage.
The orc closely misses you. The scorpion stings you.
You shoot an arrow.
The arrow hits the scorpion but does no damage.
The scorpion is almost dead.
The scorpion stings you. The orc hits you but does no damage.
3062 ||| READING scroll of teleportation.
As you read the scroll of teleportation, it crumbles to dust.
You feel strangely unstable. The scorpion barely misses you.
The orc hits you with a +0 mace.
You shoot an arrow.
The arrow hits the scorpion but does no damage.
The scorpion is almost dead.
The scorpion stings you.
You are lethally poisoned!
The scorpion poisons you! The orc barely misses you.
You shoot an arrow. The arrow closely misses the scorpion.
You die...

.......#
###..##...........#
......
##.##.....%.....#
......##........#
##.#####...)....#
#.#...##.......# .
####...............
............%.........
.....##.....(........#
#..s@.........%...#
#.)o............!..
.....#)..^....%.......
#)....#..####..###....
....#.#... #### ###
... ....... ##
........ #.###.....


You could see a scorpion and an orc.

Vanquished Creatures
  Sigmund (D:2)
  A jelly (D:4)
  3 orc priests
  Jessica (D:3)
  Terence (D:2)
  2 orc wizards (D:3)
  6 adders
  3 worms
  6 dart slugs
  17 orcs
  6 ball pythons
  11 bats
  6 endoplasms
  2 giant cockroaches
  8 hobgoblins
  4 jackals (D:2)
  2 quokkas
  3 frilled lizards
  2 goblins
  8 kobolds
  4 rats
97 creatures vanquished.

Notes
Turn   | Place    | Note
-------+----------+-------------------------------------------
     0 | D:1      | qw the Deep Elf Hunter began the quest for the Orb.
     0 | D:1      | Reached XP level 1. HP: 12/12 MP: 3/3
     0 | D:1      | 0 ||| qw: Version: 0.3-a-9-g12657ce
     0 | D:1      | 0 ||| qw: Game counter: 4252
     0 | D:1      | 0 ||| qw: Always use a shield: true
     0 | D:1      | 0 ||| qw: God list: Okawaru
     0 | D:1      | 0 ||| qw: Allow faded altars: false
     0 | D:1      | 0 ||| qw: Do Orc after D:15 true
     0 | D:1      | 0 ||| qw: Do second Lair branch before Depths: true
     0 | D:1      | 0 ||| qw: Lair rune preference: random
     0 | D:1      | 0 ||| qw: Plans: Normal
     0 | D:1      | 0 ||| PLANNING D:1-11
   132 | D:1      | Reached XP level 2. HP: 16/16 MP: 4/4
   152 | D:1      | Reached skill level 6 in Ranged Weapons
   767 | D:1      | 767 ||| UPGRADING to +0 ring mail.
   777 | D:1      | 777 ||| DROPPING +0 leather armour.
   778 | D:1      | 778 ||| READING scroll labelled OSTREO DOZONK.
   779 | D:1      | 779 ||| READING scroll labelled BOHITE GAPSU.
   780 | D:1      | 780 ||| READING scroll labelled IDAFAJ XIXTENU.
   781 | D:1      | 781 ||| READING scroll labelled UPARALUYKHA.
   782 | D:1      | 782 ||| DRINKING 3 golden potions.
   783 | D:1      | 783 ||| DROPPING scroll of butterflies.
   784 | D:1      | 784 ||| DROPPING 2 potions of degeneration.
   874 | D:2      | Noticed Terence
   883 | D:2      | Killed Terence
   884 | D:2      | Reached skill level 7 in Ranged Weapons
   884 | D:2      | Reached XP level 3. HP: 11/20 MP: 5/5
  1170 | D:2      | Reached XP level 4. HP: 25/25 MP: 6/6
  1300 | D:2      | Noticed Sigmund
  1309 | D:2      | 1309 ||| DRINKING 2 smoky green potions.
  1311 | D:2      | 1311 ||| FLEEEEING.
  1312 | D:2      | 1312 ||| FLEEEEING.
  1320 | D:2      | 1320 ||| STAIRDANCE
  1322 | D:1      | 1322 ||| DRINKING potion of curing.
  1322 | D:1      | 1322 ||| (to cure confusion)
  1348 | D:1      | 1348 ||| READING 2 scrolls of identify.
  1348 | D:1      | 1348 ||| IDENTIFYING inky potion
  1349 | D:1      | 1349 ||| DROPPING potion of ambrosia.
  1352 | D:2      | 1352 ||| STAIRDANCE
  1398 | D:2      | Killed Sigmund
  1399 | D:2      | Reached skill level 9 in Ranged Weapons
  1399 | D:2      | Reached XP level 5. HP: 29/29 MP: 7/7
  1616 | D:2      | 1616 ||| DRINKING 2 orange potions.
  1617 | D:2      | 1617 ||| READING 2 scrolls of identify.
  1617 | D:2      | 1617 ||| IDENTIFYING murky clear potion
  1618 | D:2      | 1618 ||| DROPPING potion of brilliance.
  1821 | D:3      | Reached XP level 6. HP: 22/35 MP: 8/8
  1830 | D:3      | Noticed Jessica
  1838 | D:3      | Killed Jessica
  2067 | D:3      | HP: 8/35 [orc priest/nerve-wracking pain (5)]
  2074 | D:3      | Reached skill level 10 in Ranged Weapons
  2074 | D:3      | HP: 2/35 [orc/+0 hand axe (6)]
  2215 | D:3      | 2215 ||| READING scroll of enchant weapon.
  2215 | D:3      | 2215 ||| ENCHANTING +1 shortbow.
  2258 | D:3      | 2258 ||| READING scroll of enchant armour.
  2258 | D:3      | 2258 ||| ENCHANTING +0 ring mail.
  2309 | D:3      | Reached skill level 3 in Dodging
  2315 | D:3      | 2315 ||| DRINKING 3 potions of curing.
  2315 | D:3      | 2315 ||| (to cure confusion)
  2323 | D:3      | 2323 ||| FLEEEEING.
  2325 | D:3      | 2325 ||| FLEEEEING.
  2326 | D:3      | 2326 ||| FLEEEEING.
  2327 | D:3      | 2327 ||| FLEEEEING.
  2328 | D:3      | 2328 ||| FLEEEEING.
  2329 | D:3      | 2329 ||| FLEEEEING.
  2330 | D:3      | 2330 ||| FLEEEEING.
  2332 | D:3      | 2332 ||| FLEEEEING.
  2333 | D:3      | 2333 ||| FLEEEEING.
  2334 | D:3      | 2334 ||| FLEEEEING.
  2335 | D:3      | 2335 ||| FLEEEEING.
  2336 | D:3      | 2336 ||| FLEEEEING.
  2337 | D:3      | 2337 ||| FLEEEEING.
  2338 | D:3      | 2338 ||| FLEEEEING.
  2339 | D:3      | 2339 ||| FLEEEEING.
  2340 | D:3      | 2340 ||| FLEEEEING.
  2341 | D:3      | 2341 ||| FLEEEEING.
  2342 | D:3      | 2342 ||| FLEEEEING.
  2343 | D:3      | 2343 ||| FLEEEEING.
  2344 | D:3      | 2344 ||| FLEEEEING.
  2345 | D:3      | 2345 ||| FLEEEEING.
  2346 | D:3      | 2346 ||| FLEEEEING.
  2347 | D:3      | 2347 ||| FLEEEEING.
  2348 | D:3      | 2348 ||| FLEEEEING.
  2349 | D:3      | 2349 ||| FLEEEEING.
  2412 | D:3      | 2412 ||| Invisibility monster not found???
  2747 | D:3      | 2747 ||| READING scroll labelled NONAMN SOBLIY.
  2751 | D:3      | 2751 ||| DRINKING 2 fizzy grey potions.
  2751 | D:3      | Gained mutation: You are partially covered in iridescent
                  | scales. (AC +2) [potion of mutation]
  2794 | D:4      | 2794 ||| STAIRDANCE
  2803 | D:3      | HP: 8/35 [orc/+0 hand axe (3)]
  2805 | D:3      | HP: 3/35 [orc/+0 hand axe (5)]
  3029 | D:4      | Reached XP level 7. HP: 40/40 MP: 9/9
  3061 | D:4      | HP: 10/40 [scorpion (3)]
  3062 | D:4      | 3062 ||| READING scroll of teleportation.
  3063 | D:4      | HP: 3/40 [scorpion (4)]
  3064 | D:4      | Succumbed to a scorpion's poison

Levels and vault maps discovered:
D:1:      erik_arrival_cave_to_civilisation [erik_arrival_cave_to_hall],
          layout_rooms, nrook_campfire, minivault_23, minmay_misc_feat_x,
          nicolae_kite_square_tiling_tiny
D:2:      minmay_door_path, layout_basic, uniq_terence, uniq_sigmund
D:3:      minmay_recursive_quarters, layout_loops_ring, uniq_natasha,
          uniq_jessica
D:4:      layout_rooms, minmay_puff

Skill      XL: |  1  2  3  4  5  6 |
---------------+-------------------+-----
Ranged Weapons | 7 9 10 | 10.8
Fighting       | 2 |  2.0
Dodging        | 3 |  3.0
Stealth        | |  1.2

Action                     |  1- 3 |  4- 6 |  7- 9 || total
---------------------------+-------+-------+-------++-------
   Fire: Shortbow          |    94 |   244 |    28 ||   366
    Use: Scroll            |     4 |     5 |     1 ||    10
         Potion            |     1 |     5 |       ||     6
 Armour: Ring mail         |    22 |    30 |     7 ||    59
         Leather armour    |     1 |       |       ||     1
  Dodge: Dodged            |    36 |    58 |    11 ||   105

Table legend:
 A = Non-vault XP
 B = Vault XP
 C = Vault XP percentage of total XP
 D = Non-vault monster count
 E = Vault monster count
 F = Vault count percentage of total count
                 A         B        C        D         E       F
            +---------+---------+-------+---------+---------+-------
      Total |     396 |     390 |  49.6 |      82 |      15 |  15.5
            +---------+---------+-------+---------+---------+-------
        D:1 |      32 |       3 |   8.6 |      19 |       2 |   9.5
        D:2 |      31 |     257 |  89.2 |      17 |       4 |  19.0
        D:3 |     203 |     130 |  39.0 |      32 |       9 |  22.0
        D:4 |     130 |       0 |   0.0 |      14 |       0 |   0.0
            +---------+---------+-------+---------+---------+-------
